 Dungeon Sprint DCSS version 0.20.1-1-g8b1a95d (console) character file.

9060 hilaritas the Grappler (level 11, -6/106 HPs)
             Began as a Troll Fighter on Dec 3, 2017.
             Was a Priest of Uskayaw.
             Mangled by a four-headed hydra (10 damage)
             ... in the Dungeon (Sprint III: "The Ten Rune Challenge").
             The game lasted 00:10:59 (1467 turns).

hilaritas the Grappler (Troll Fighter)              Turns: 1467, Time: 00:11:00

Health: -6/106     AC:  8    Str: 32    XL:     11   Next: 18%
Magic:  17/17      EV: 12    Int:  6    God:    Uskayaw [***...]
Gold:   778        SH: 12    Dex:  9    Spells: 6/10 levels left

rFire    . . .     SeeInvis .   a - +0 flail
rCold    . . .     Gourm    +   c - +0 shield
rNeg     . . .     Faith    .   x - +1 robe {MR+}
rPois    .         Spirit   .   (helmet restricted)
rElec    .         Reflect  .   (no cloak)
rCorr    .         Harm     .   (gloves unavailable)
MR       ++...     NoTele   +   (boots unavailable)
Stlth    +.........             (no amulet)
Regen    0.7/turn               (no ring)
MPRegen  0.2/turn               (no ring)

@: mighty
A: unfitting armour, claws 3, hooves 1, slimy green scales 1, fast metabolism 3,
frail 1, gourmand, magic resistance 1, regeneration 1, shaggy fur 1, tough skin
2
a: Stomp, Line Pass, Renounce Religion


You were in the Dungeon.
You worshipped Uskayaw.
Uskayaw was aware of your devotion.
You were completely stuffed.

You visited 1 branch You collected 1165 gold pieces.
You spent 387 gold pieces at shops.

Inventory:

Hand Weapons
 a - a +0 flail (weapon)
Missiles
 j - 5 javelins (quivered)
Armour
 c - a +0 shield (worn)
 x - a +1 robe of magic resistance (worn)
Jewellery
 r - an uncursed ring of ice
Scrolls
 k - a scroll of blinking
 m - 3 scrolls of remove curse
 o - a scroll of identify
Potions
 e - a potion of curing
 g - a potion of degeneration {unknown}
 h - a potion of haste
 i - 2 potions of magic
 l - a potion of mutation
 q - 2 potions of flight
 w - a potion of brilliance
Books
 t - a book of Cantrips

   Spells                             Type                      Level
   a - Confusing Touch                Hexes                        1
   b - Animate Skeleton               Necromancy                   1
   c - Summon Small Mammal            Summoning                    1
   d - Apportation                    Translocation                1
 u - a book of Minor Magic

   Spells                             Type                      Level
   a - Magic Dart                     Conjuration                  1
   b - Blink                          Translocation                2
   c - Call Imp                       Summoning                    2
   d - Slow                           Hexes                        2
   e - Conjure Flame                  Conjuration/Fire             3
   f - Mephitic Cloud                 Conjuration/Poison/Air       3
Miscellaneous
 v - a lamp of fire
Comestibles
 b - 6 chunks of flesh
 f - 2 bread rations
 p - 33 royal jellies
 s - a meat ration


   Skills:
 + Level 10.3 Fighting
 - Level 3.3 Maces & Flails
 - Level 10.1 Armour
 - Level 7.0 Dodging
 - Level 10.1 Shields
 * Level 13.0 Unarmed Combat
 - Level 10.0 Invocations


You had 6 spell levels left.
You knew the following spells:

 Your Spells              Type           Power        Failure   Level  Hunger
a - Apportation           Tloc           #.....       45%         1    ##.....
b - Confusing Touch       Hex            #.....       45%         1    ##.....
c - Blink                 Tloc           N/A          58%         2    ###....


Dungeon Overview and Level Annotations

Branches:
Dungeon (1/1)

Altars:
Cheibriados
Dithmenos
Elyvilon
Fedhas
Gozag
Hepliaklqana
Kikubaaqudgha
Makhleb
Nemelex Xobeh
Okawaru
Qazlal
Ru
Sif Muna
Trog
Uskayaw
Vehumet
Xom
Yredelemnul
Zin
The Shining One
Beogh
Jiyva
Lugonu

Shops:
D *


Innate Abilities, Weirdness & Mutations

You are too large for most types of armour.
You have claws for hands.
Your metabolism is lightning-fast.
You like to eat raw meat.
Your natural rate of healing is unusually fast.
You are covered in fur. (AC +1)
You have very tough skin. (AC +2)
You have large cloven feet.
You are partially covered in slimy green scales. (AC +2)
You are frail. (-10% HP)
You are resistant to hostile enchantments. (MR+)


Message History

You block the four-headed hydra's attack.
The four-headed hydra bites you!
* * * LOW HITPOINT WARNING * * *
The four-headed hydra closely misses you.
The four-headed hydra barely misses you.
Uskayaw will force your foes to helplessly watch your dance.
Uskayaw prepares the audience for your solo!
The helpless four-headed hydra fails to defend itself.
You hit the four-headed hydra. You kick the four-headed hydra!
The four-headed hydra is almost dead.
The four-headed hydra is no longer paralysed.
You block the four-headed hydra's attack. x2
The four-headed hydra bites you but does no damage.
The four-headed hydra misses you. The four-headed hydra bites you!
* * * LOW HITPOINT WARNING * * *
The four-headed hydra bites you but does no damage.
The four-headed hydra bites you.
* * * LOW HITPOINT WARNING * * *
The four-headed hydra bites you!
You die...

....#)###__#...#.#)≈§#.#)#...##.#
....#)..#__#...'.#[§§#.#(#...#.#.
....#___#__'...#.#§.§#.(.#...##.#
▓▓▓▓▓▓▓▓▓▓▓▓▓▓▓▓▓▓▓▓▓▓▓▓▓▓▓▓▓#.#.
≈**,,,,,**♣♣≈≈≈........≈≈≈...##.#
≈**,≈≈≈≈+♣♣†♣≈≈≈≈≈≈≈≈≈≈≈≈♣♣P.'.#.
≈≈+,,,,,#.≈♣♣♣♣♣♣♣♣♣♣♣♣♣♣♣♣PP##.#
≈*******#..♣♣ ♣♣♣##+# ≈*
###†♣♣♣♣♣♣♣♣♣♣♣♣♣♣****,,, ****
♣♣♣♣.##..##≈≈≈≈≈≈..*,,*,,, ,,,**
♣...##.##@#≈≈≈DD...*,,*,,, ***+*
♣♣.##.##D##'≈≈≈≈§#***+**** ,,,,*
♣..#.##.).#≈≈....§,,,*,,, *******
♣♣.##.##..#≈..+###****,,, ,,,,,,*
♣♣.##.#####...#,,,,,,*,,, ,,,,,,*
♣.....#*,,,...#***,_,*,,, **+****
#######*+**####*******+** *,**
*,,,,,,,,,,,***,,, **,*
*,,,,,,,,,,,,**,** *≈** ******
***********,,**,*, **,* *,,,,*
**,,,,,,,,,,,**,*,


You could see a four-headed hydra.

Vanquished Creatures
  Josephine (D)
  A centaur warrior (D)
  Urug (D)
  An unseen horror (D)
  A lindwurm (D)
  An orc knight (D)
  A deep elf mage (D)
  2 spiny frogs (D)
  A komodo dragon (D)
  A queen bee (D)
  2 tyrant leeches (D)
  3 redbacks (D)
  A shadow (D)
  A spatial vortex (D)
  A necrophage (D)
  3 wandering mushrooms (D)
  4 orc warriors (D)
  2 centaurs (D)
  An earth elemental (D)
  A water elemental (D)
  A scorpion (D)
  32 killer bees (D)
  A jelly (D)
  3 orc priests (D)
  An orc wizard (D)
  A wizard (D)
  Jessica (D)
  A necromancer (D)
  3 humans (D)
  A kobold demonologist (D)
  2 oozes (D)
  9 orcs (D)
  A rat (D)
87 creatures vanquished.

Vanquished Creatures (others)
  2 draconian scorchers (D)
  6 hellions (D)
  A yaktaur (D)
9 creatures vanquished.

Grand Total: 96 creatures vanquished

Notes
Turn   | Place    | Note
-------+----------+-------------------------------------------
     0 | D        | hilaritas the Troll Fighter began the quest for the Orb.
     0 | D        | Reached XP level 1. HP: 22/22 MP: 0/0
     9 | D        | Reached XP level 2. HP: 31/31 MP: 1/1
    15 | D        | Noticed Jessica
    24 | D        | Killed Jessica
    24 | D        | Reached XP level 3. HP: 33/39 MP: 2/2
    99 | D        | Killed a hellion
   102 | D        | Killed a hellion
   102 | D        | Killed a hellion
   105 | D        | Reached skill level 1 in Unarmed Combat
   118 | D        | Killed a hellion
   119 | D        | Killed a hellion
   150 | D        | Noticed a scorpion
   164 | D        | Killed a scorpion
   164 | D        | Reached skill level 5 in Fighting
   164 | D        | Reached skill level 5 in Shields
   164 | D        | Reached skill level 3 in Unarmed Combat
   164 | D        | Reached XP level 4. HP: 40/50 MP: 3/3
   191 | D        | Killed a hellion
   194 | D        | Killed a white draconian scorcher
   227 | D        | Noticed a water elemental
   231 | D        | Killed a water elemental
   231 | D        | Reached skill level 4 in Unarmed Combat
   231 | D        | Reached XP level 5. HP: 57/57 MP: 4/4
   235 | D        | Found a glowing silver altar of Zin.
   236 | D        | Found a glowing golden altar of the Shining One.
   236 | D        | Found a white marble altar of Elyvilon.
   236 | D        | Noticed a deep elf mage
   243 | D        | Killed a white draconian scorcher
   244 | D        | Killed a deep elf mage
   244 | D        | Reached skill level 9 in Unarmed Combat
   244 | D        | Reached XP level 6. HP: 45/71 MP: 5/5
   244 | D        | Reached XP level 7. HP: 49/78 MP: 6/6
   265 | D        | Found a radiant altar of Vehumet.
   265 | D        | Found a deep blue altar of Sif Muna.
   265 | D        | Found an ancient bone altar of Kikubaaqudgha.
   279 | D        | Learned a level 1 spell: Apportation
   281 | D        | Learned a level 1 spell: Confusing Touch
   284 | D        | Learned a level 2 spell: Blink
   294 | D        | Found a roughly hewn altar of Beogh.
   294 | D        | Found an iron altar of Okawaru.
   294 | D        | Found a bloodstained altar of Trog.
   294 | D        | Found a hide-covered altar of Uskayaw.
   294 | D        | Noticed a human
   295 | D        | Noticed a human
   303 | D        | Killed a human
   304 | D        | Killed a human
   304 | D        | Reached skill level 10 in Unarmed Combat
   313 | D        | Became a worshipper of Uskayaw the Reveler
   322 | D        | Found a basalt altar of Yredelemnul.
   322 | D        | Found a shadowy altar of Dithmenos.
   322 | D        | Found a sacrificial altar of Ru.
   324 | D        | Reached * piety under Uskayaw
   326 | D        | Reached ** piety under Uskayaw
   327 | D        | Reached skill level 1 in Invocations
   335 | D        | Noticed a shadow
   339 | D        | Killed a shadow
   339 | D        | Reached skill level 1 in Armour
   339 | D        | Reached XP level 8. HP: 88/88 MP: 6/8
   340 | D        | Reached *** piety under Uskayaw
   349 | D        | Found a blossoming altar of Fedhas.
   349 | D        | Found a stormy altar of Qazlal.
   349 | D        | Found a snail-covered altar of Cheibriados.
   349 | D        | Found a burning altar of Makhleb.
   349 | D        | Found a shimmering altar of Xom.
   350 | D        | Found a hazy altar of Hepliaklqana.
   350 | D        | Found an opulent altar of Gozag.
   350 | D        | Found a sparkling altar of Nemelex Xobeh.
   350 | D        | Found a corrupted altar of Lugonu.
   350 | D        | Found a viscous altar of Jiyva.
   375 | D        | Noticed Josephine
   379 | D        | Killed Josephine
   379 | D        | Reached XP level 9. HP: 96/98 MP: 8/10
   401 | D        | Noticed an orc knight
   424 | D        | Killed an orc knight
   424 | D        | Reached skill level 10 in Shields
   430 | D        | Reached skill level 5 in Dodging
   431 | D        | Reached **** piety under Uskayaw
   435 | D        | Reached skill level 10 in Fighting
   435 | D        | Reached skill level 5 in Invocations
   441 | D        | Reached ***** piety under Uskayaw
   454 | D        | Reached skill level 5 in Armour
   458 | D        | Reached ****** piety under Uskayaw
   469 | D        | Found Epreethoshro's Assorted Antiques.
   546 | D        | Gained mutation: You tend to lose your temper in combat. [potion of mutation]
   546 | D        | Gained mutation: Your spells are a little easier to cast, but a little less powerful. [potion of mutation]
   546 | D        | Gained mutation: You are agile. (Dex +2) [potion of mutation]
   547 | D        | Lost mutation: You are agile. (Dex +2) [potion of mutation]
   547 | D        | Lost mutation: Your spells are a little easier to cast, but a little less powerful. [potion of mutation]
   547 | D        | Lost mutation: You tend to lose your temper in combat. [potion of mutation]
   547 | D        | Gained mutation: You have large cloven feet. [potion of mutation]
   547 | D        | Gained mutation: You are frail. (-10% HP) [potion of mutation]
   547 | D        | Gained mutation: You are resistant to hostile enchantments. (MR+) [potion of mutation]
   547 | D        | Gained mutation: You are partially covered in slimy green scales. (AC +2) [potion of mutation]
   594 | D        | Bought a potion of heal wounds for 130 gold pieces
   594 | D        | Bought a scroll labeled XULISH OQUOPS for 26 gold pieces
   594 | D        | Bought a large tourmaline ring for 130 gold pieces
   594 | D        | Bought a glowing puce potion for 23 gold pieces
   594 | D        | Bought a scroll of remove curse for 78 gold pieces
   638 | D        | Noticed a centaur warrior
   645 | D        | Killed a centaur warrior
   654 | D        | Killed a yaktaur
   712 | D        | Killed an unseen horror
   712 | D        | Reached XP level 10. HP: 35/99 MP: 10/14
  1129 | D        | Reached skill level 10 in Invocations
  1178 | D        | Noticed a spiny frog
  1178 | D        | Noticed a spiny frog
  1181 | D        | Killed a spiny frog
  1185 | D        | Killed a spiny frog
  1185 | D        | Reached skill level 10 in Armour
  1235 | D        | Reached skill level 11 in Unarmed Combat
  1275 | D        | Reached XP level 11. HP: 96/105 MP: 17/17
  1290 | D        | Noticed a lindwurm
  1296 | D        | Killed a lindwurm
  1296 | D        | Reached skill level 12 in Unarmed Combat
  1331 | D        | Noticed Urug
  1342 | D        | Killed Urug
  1342 | D        | Reached skill level 13 in Unarmed Combat
  1451 | D        | Noticed a four-headed hydra
  1451 | D        | Noticed a six-headed hydra
  1467 | D        | HP: 4/106 [four-headed hydra (6)]
  1467 | D        | Mangled by a four-headed hydra

Skill      XL: |  1  2  3  4  5  6  7  8  9 10 11 |
---------------+----------------------------------+-----
Maces & Flails | 2 3 |  3.3
Fighting       | 3 4 5 7 8 9 10 | 10.3
Shields        | 3 4 5 7 8 9 10 | 10.1
Unarmed Combat | 3 4 9 10 11 13 | 13.0
Invocations    | 1 3 7 10 | 10.0
Armour         | 1 3 6 10 | 10.1
Dodging        | 3 4 7 |  7.0

Action                   |  1- 3 |  4- 6 |  7- 9 | 10-12 || total
-------------------------+-------+-------+-------+-------++-------
Melee: Unarmed           |    42 |    11 |   120 |   137 ||   310
       Kick              |       |       |    17 |    37 ||    54
       Flail             |       |       |       |     7 ||     7
Invok: Stomp             |       |       |     3 |       ||     3
  Use: Potion            |       |     1 |     4 |     3 ||     8
       Scroll            |       |       |     6 |       ||     6
 Stab: Paralysed         |       |       |     6 |    13 ||    19
  Eat: Chunk             |     4 |       |     8 |     8 ||    20
Armor: Robe              |     7 |     1 |    17 |    16 ||    41
Dodge: Dodged            |    12 |     4 |    23 |    53 ||    92
Block: Shield            |    13 |     3 |    46 |    87 ||   149
